 Dungeon Crawl Stone Soup version 0.31-a0-963-ga325b2283a (webtiles) character file.

Game seed: 6324161401766490636

104 Maxmaps the Changeling (level 4, -8/28 HPs)
             Began as an Octopode Shapeshifter on Oct 25, 2023.
             Mangled by a gnoll
             ... wielding a +0 spear
              (9 damage)
             ... on level 3 of the Dungeon.
             The game lasted 00:01:39 (2035 turns).

Maxmaps the Changeling (Octopode Shapeshifter)      Turns: 2035, Time: 00:01:40

Health: -8/28      AC:  1    Str: 13    XL:     4   Next: 80%
Magic:  4/4        EV: 13    Int: 14    God:
Gold:   113        SH:  0    Dex: 11    Spells: 3/3 levels left

rFire   . .          .
                       - Unarmed
rCold   . . .        (no shield)
rNeg    . . .        (helmet currently unavailable)
rPois   .            k - amulet of magic regeneration
rElec   .            (no ring)
rCorr   .            (no ring)
SInv    .            (no ring)
Will    .....        (no ring)
Stlth   ++           (no ring)
HPRegen 0.24/turn    (no ring)
MPRegen 0.49/turn    (no ring)
                     (no ring)

%: no passive effects
@: beast-form
A: beast (slay +2), almost no armour, amphibious, 8 rings, camouflage 1,
gelatinous body 1, (nimble swimmer 1), tentacles
a: Begin Untransformation


You were on level 3 of the Dungeon.
You were a hulking beast.
You visited 1 branch of the dungeon, and saw 3 of its levels.

You collected 113 gold pieces.

Inventory:

Hand Weapons
 h - a +2 dagger of speed
Jewellery
 k - an amulet of magic regeneration (around mantle)
Talismans
 b - a beast talisman
 c - a flux talisman
Scrolls
 f - 3 scrolls of identify {unknown}
 g - 2 scrolls of teleportation {unknown}
 i - a scroll of silence {unknown}
Potions
 a - a potion of lignification
 d - a potion of enlightenment {unknown}
 e - 3 potions of curing {unknown}
 j - 2 potions of mutation {unknown}
 l - 2 potions of resistance {unknown}


   Skills:
 - Level 1.0 Fighting
 - Level 2.0 Dodging
 - Level 3.0 Unarmed Combat
 + Level 5.0 Shapeshifting


You had 3 spell levels left.
You didn't know any spells.
Your spell library contained the following spells:

 Spells                   Type           Power      Damage    Failure   Level
 Cigotuvi's Dreadful Rot  Necr/Pois/Air  0%         N/A       41%         2
 Ignite Poison            Fire/Tmut/Pois 0%         N/A       65%         3
 Freezing Cloud           Conj/Ice/Air   0%         6-21      100%        5


Dungeon Overview and Level Annotations

Branches:
Dungeon (3/15)

Altars:
Hepliaklqana
Xom
Zin


Innate Abilities, Weirdness & Mutations

You are a hulking beast.
Your limbs bulge with bestial killing power. (Slay +2)
You cannot wear most types of armour.
You are amphibious.
You can wear up to eight rings at the same time.
Your skin changes colour to match your surroundings (Stealth+).
Your rubbery body absorbs attacks. (AC +1, EV +1)
((You are camouflaged when in or above water. (Stealth+)))
You have tentacles for arms and can constrict up to eight enemies at once.


Message History

The gnoll hits you with a +0 whip.
The gnoll hits you from afar with a +0 spear.
You are too injured to fight recklessly!
You are too injured to fight recklessly!
You are too injured to fight recklessly!
You are too injured to fight recklessly!
You are too injured to fight recklessly!
You are too injured to fight recklessly!
You are too injured to fight recklessly!
You are too injured to fight recklessly!
You are too injured to fight recklessly!
You are too injured to fight recklessly!
You are too injured to fight recklessly!
You are too injured to fight recklessly!
You are too injured to fight recklessly!
You are too injured to fight recklessly!
You are too injured to fight recklessly!
You are too injured to fight recklessly!
You are too injured to fight recklessly!
Unknown command.
You tentacle-slap the gnoll. You grab the gnoll.
The gnoll is almost dead.
You constrict the gnoll, but do no damage.
The gnoll barely misses you. x2
You tentacle-slap the gnoll.
You kill the gnoll!
The gnoll closely misses you.
Unknown command.
You barely miss the gnoll. You grab the gnoll. You squeeze the gnoll!
The gnoll is heavily wounded.
You constrict the gnoll. The gnoll hits you with a +0 whip!
* * * LOW HITPOINT WARNING * * *
The gnoll hits you from afar with a +0 spear.
* * * LOW HITPOINT WARNING * * *
You tentacle-slap the gnoll.
The gnoll is almost dead.
You constrict the gnoll, but do no damage.
The gnoll misses you.
The gnoll hits you from afar with a +0 spear!
You die...

.. .. #..#.
..#.## ....#
...## g.. ##g#
##.h#
####...#######
+.............
####...#######
##..## ##..#
### ######.#
#+ #.. ..# #.#
#.##.# #.# #.#


You could see 2 gnolls.

Vanquished Creatures
  2 gnolls (D:3)
  3 adders (D:2)
  A dart slug (D:3)
  2 orcs (D:3)
  7 endoplasms
  4 giant cockroaches
  5 goblins
  A hobgoblin (D:3)
  3 jackals (D:2)
  A quokka (D:1)
  9 ball pythons
  7 bats
  3 frilled lizards
  2 kobolds
  4 rats
54 creatures vanquished.

Notes
Turn   | Place    | Note
-------+----------+-------------------------------------------
     0 | D:1      | Maxmaps the Octopode Shapeshifter began the quest for the
                  | Orb.
     0 | D:1      | Reached XP level 1. HP: 13/13 MP: 1/1
   182 | D:1      | Reached XP level 2. HP: 18/18 MP: 2/2
   759 | D:2      | Reached XP level 3. HP: 22/23 MP: 3/3
   780 | D:2      | Reached skill level 4 in Shapeshifting
  1254 | D:2      | Found a glowing silver altar of Zin.
  1361 | D:2      | Reached XP level 4. HP: 28/28 MP: 4/4
  1836 | D:3      | Found a shimmering altar of Xom.
  1838 | D:3      | Found a hazy altar of Hepliaklqana.
  1838 | D:3      | Noticed a tentacled monstrosity
  1839 | D:3      | Noticed a spectral ugly thing
  1839 | D:3      | Noticed a tentacled monstrosity
  2031 | D:3      | Reached skill level 5 in Shapeshifting
  2034 | D:3      | HP: 1/28 [gnoll/+0 spear (5)]
  2035 | D:3      | Mangled by a gnoll

Illustrated notes

Levels and vault maps discovered:
D:1:      nzn_arrival_settlement, layout_basic, minmay_misc_feat_diagonals
D:2:      layout_loops_cross, basic_altar, minmay_tiny_reverse_x
D:3:      layout_loops_corners, regret_index_temple_of_mockery

Skill      XL: |  1  2  3  4 |
---------------+-------------+-----
Shapeshifting  | 4 5 |  5.0
Fighting       | |  1.0
Dodging        | |  2.0
Unarmed Combat | |  3.0

Action                     |  1- 3 |  4- 6 || total
---------------------------+-------+-------++-------
  Melee: Unarmed           |    76 |    31 ||   107
         Constrict         |    18 |     9 ||    27
         Tentacles         |    13 |     7 ||    20
         Punch             |       |     2 ||     2
   Stab: Sleeping          |     3 |     5 ||     8
         Distracted        |     1 |       ||     1
 Armour: Skin              |    40 |    15 ||    55
  Dodge: Dodged            |    60 |    13 ||    73

Table legend: (Time is in decaauts)
 A = Elapsed time spent in this place.
 B = Non-inter-level travel time spent in this place.
 C = Inter-level travel time spent in this place.
 D = Time resting spent in this place.
 E = Time spent auto-exploring this place.
 F = Levels seen in this place.
 G = Mean time per level.
                   A        B        C        D        E       F      G
               +--------+--------+--------+--------+--------+-----+--------+
         Total |   2028 |   1977 |     51 |    191 |   1471 |   3 |  676.0 |
       Dungeon |   2028 |   1977 |     51 |    191 |   1471 |   3 |  676.0 |
               +--------+--------+--------+--------+--------+-----+--------+

Top non-repeatable levels by time:
     D:2: 819 daAuts
     D:1: 717 daAuts
     D:3: 491 daAuts
